 Dungeon Crawl Stone Soup version 0.17-a0-1830-g81820eb (webtiles) character file.

625 Stormsson the Cudgeler (level 7, 0/73 HPs)
             Began as a Minotaur Berserker on Sept 13, 2015.
             Was a Priest of Trog.
             Killed by nerve-wracking pain
             ... invoked by Grinder
              (13 damage)
             ... while paralysed by Grinder
             ... on level 5 of the Dungeon.
             The game lasted 00:13:25 (2832 turns).

Stormsson the Cudgeler (Minotaur Berserker)         Turns: 2832, Time: 00:13:25

Health: 0/73       AC:  7    Str: 24    XL:     7   Next: 23%
Magic:  6/6        EV: -3    Int:  4    God:    Trog [***...]
Gold:   162        SH:  0    Dex: 11    Spells: 0 memorised, 6 levels left

rFire  . . .     SeeInvis .     s - +1 mace
rCold  + . .     Clarity  .     n - +0 scale mail
rNeg   . . .     SustAt   .     (no shield)
rPois  .         Gourm    .     (helmet restricted)
rElec  .         Spirit   .     (no cloak)
rCorr  .         Warding  .     (no gloves)
rMut   .         Stasis   .     (no boots)
MR     .....                    (no amulet)
Stlth  ..........               (no ring)
                                (no ring)

@: paralysed, not resistant to hostile enchantments, extremely unstealthy
A: retaliatory headbutt, hooves 1, horns 2, agile 1, cold resistance 1, robust 2
a: Burn Spellbooks, Berserk, Trog's Hand, Renounce Religion


You were on level 5 of the Dungeon.
You worshipped Trog.
Trog was most pleased with you.
You were hungry.

You visited 1 branch of the dungeon, and saw 5 of its levels.

You collected 162 gold pieces.

Inventory:

Hand weapons
 r - a +3 dire flail
 s - a +1 mace (weapon)
 y - a +1 war axe
Armour
 f - a +1 ring mail
 h - a +0 chain mail
 n - a +0 scale mail (worn)
Magical devices
 z - a wand of fire (7)
 B - a wand of teleportation (7)
Scrolls
 d - a scroll of identify
 i - 3 scrolls of remove curse
 m - a scroll of enchant armour
 o - 2 scrolls of blinking
Potions
 e - 2 potions of invisibility
Books
 k - Sif Muna's Reference Book on Creation
   (You found it on level 2 of the Dungeon)

   Spells                             Type                      Level
   a - Summon Small Mammal            Summoning                    1
   Trog disapproves of the use of such an item.
 l - Kikubaaqudgha's Grimoire of Evil
   (You found it on level 2 of the Dungeon)

   Spells                             Type                      Level
   a - Pain                           Necromancy                   1
   Trog disapproves of the use of such an item.
Comestibles
 a - 5 chunks of flesh
 b - a slice of pizza
 c - 3 bread rations
 g - 3 meat rations
 A - a royal jelly
 C - a fruit


   Skills:
 + Level 5.6 Fighting
 * Level 6.7 Maces & Flails
 + Level 4.7 Armour
 + Level 4.5 Dodging


You had 6 spell levels left.
You didn't know any spells.

Dungeon Overview and Level Annotations

Branches:
Dungeon (5/15)             Temple (0/1) D:4

Altars:
Kikubaaqudgha
Nemelex Xobeh
Ru
Sif Muna
Vehumet
Xom
Zin

Annotations:
D:5 Eustachio, Grinder


Innate Abilities, Weirdness & Mutations

You reflexively headbutt those who attack you in melee.
You have a pair of horns on your head.
You have large cloven feet.
You are agile. (Dex +2)
Your flesh is cold resistant.
You are very robust (+20% HP).


Message History

You shrug off the repeated paralysis!
Grinder gestures at you. Pain shoots through your body!
* * * LOW HITPOINT WARNING * * *
Grinder hits you.
* * * LOW HITPOINT WARNING * * *
You writhe in agony.
* * * LOW HITPOINT WARNING * * *
Grinder gestures.
Grinder blinks!
Grinder misses you.
Grinder gestures.
Grinder blinks!
You are feeling hungry.
There is an escape hatch in the ceiling here.
Grinder gestures at you.
You suddenly lose the ability to move!
Grinder gestures at you. Pain shoots through your body!
You die...

######## #<.....# #
#......# ## #......#
.#### #......# ....##
#......### ..#..##
#........###
..##..#######...@.......
.#.........5........#..#
#..###.......########
#.############
..##..##### ...........
##......### ###..### ###


You could see Grinder.

Vanquished Creatures
  An ogre (D:5)
  A crimson imp (D:5)
  An orc priest (D:5)
  5 wights (D:4)
  A giant frog zombie (D:5)
  A centaur skeleton (D:5)
  2 hounds
  A giant frog skeleton (D:4)
  An iguana (D:4)
  An adder (D:3)
  2 worms
  5 giant geckos
  11 orcs
  4 giant cockroaches
  3 hobgoblins
  10 jackals
  A ball python (D:3)
  6 bats
  A giant cockroach zombie (D:5)
  A giant newt (D:4)
  4 goblins
  5 kobolds
  6 rats
74 creatures vanquished.

Notes
Turn   | Place    | Note
--------------------------------------------------------------
     0 | D:1      | Stormsson the Minotaur Berserker began the quest for the Orb.
     0 | D:1      | Reached XP level 1. HP: 19/19 MP: 0/0
    92 | D:1      | Reached skill level 4 in Fighting
   120 | D:1      | Reached XP level 2. HP: 22/27 MP: 1/1
   614 | D:2      | Found a glowing silver altar of Zin.
   854 | D:2      | Acquired Trog's second power
   866 | D:2      | Found a deep blue altar of Sif Muna.
   868 | D:2      | Found an ancient bone altar of Kikubaaqudgha.
   868 | D:2      | Found a radiant altar of Vehumet.
   874 | D:2      | Identified Vehumet's Guide on Conjuration
   884 | D:2      | Identified Sif Muna's Reference Book on Creation
   892 | D:2      | Identified Kikubaaqudgha's Grimoire of Evil
  1132 | D:3      | Reached XP level 3. HP: 33/33 MP: 2/2
  1183 | D:3      | Found a sacrificial altar of Ru.
  1770 | D:4      | Reached XP level 4. HP: 34/41 MP: 3/3
  1778 | D:4      | Found a shimmering altar of Xom.
  1787 | D:4      | Reached skill level 5 in Maces & Flails
  1787 | D:4      | Reached XP level 5. HP: 42/47 MP: 4/4
  1795 | D:4      | Reached skill level 5 in Fighting
  1795 | D:4      | Reached XP level 6. HP: 32/56 MP: 5/5
  2207 | D:4      | Found a sparkling altar of Nemelex Xobeh.
  2242 | D:4      | Found a staircase to the Ecumenical Temple.
  2553 | D:5      | Entered Level 5 of the Dungeon
  2580 | D:5      | Reached skill level 6 in Maces & Flails
  2604 | D:5      | Gained mutation: You are robust (+10% HP). [potion of mutation]
  2604 | D:5      | Gained mutation: You are very robust (+20% HP). [potion of mutation]
  2686 | D:5      | Gained mutation: Your flesh is cold resistant. [potion of beneficial mutation]
  2688 | D:5      | Gained mutation: You are agile. (Dex +2) [potion of mutation]
  2688 | D:5      | Gained mutation: You have large cloven feet. [potion of mutation]
  2745 | D:5      | Noticed Grinder
  2749 | D:5      | Reached XP level 7. HP: 73/73 MP: 6/6
  2758 | D:5      | Noticed Eustachio
  2800 | D:5      | Paralysed by Grinder for 3 turns
  2806 | D:5      | Paralysed by Grinder for 3 turns
  2829 | D:5      | Paralysed by Grinder for 5 turns
  2832 | D:5      | Killed from afar by Grinder

Vault maps used:
D:1:      minmay_arrival_loop
D:2:      grunt_temple_overflow_magic_moments, nicolae_overflow_crystal_walls,
          minmay_door_square
D:3:      lemuel_round_altar, first_bread, kennysheep_generic_room_12
D:4:      nemelex_deck, overflow_temple_1_default, minmay_temple_entry_overgrown
D:5:      serial_bayou_pond_a, uniq_eustachio, uniq_grinder

Action                   |  1- 3 |  4- 6 |  7- 9 || total
-------------------------+-------+-------+-------++-------
Melee: Mace              |    86 |    80 |    20 ||   186
Invok: Berserk           |       |     2 |       ||     2
       Burn Spellbooks   |       |       |     1 ||     1
       Trog's Hand       |       |       |     1 ||     1
  Use: Scroll            |     4 |     4 |       ||     8
       Potion            |     1 |     9 |       ||    10
  Eat: Chunk             |     3 |     4 |     1 ||     8
